 Dungeon Crawl Stone Soup version 0.27.1-1-g398f81649c (console) character file.

Game seed: 14002625407858876592

315 thromnambular the Skirmisher (level 6, -11/52 HPs)
             Began as a Palentonga Fighter on Sept 9, 2021.
             Was a Follower of Okawaru.
             Mangled by an ogre (18 damage)
             ... on level 3 of the Dungeon.
             The game lasted 00:09:10 (4224 turns).

thromnambular the Skirmisher (Palentonga Fighter)   Turns: 4224, Time: 00:09:11

Health: -11/52     AC:  6    Str: 20    XL:     6   Next: 19%
Magic:  6/6        EV:  5    Int:  9    God:    Okawaru [*.....]
Gold:   44         SH:  9    Dex: 10    Spells: 5/5 levels left

rFire    + . .     SeeInvis +   a - +2 flail
rCold    . . .     Faith    .   c - +0 kite shield
rNeg     . . .     Spirit   .   b - +0 scale mail
rPois    .         Reflect  .   (no helmet)
rElec    .         Harm     .   (no cloak)
rCorr    .         Rampage  .   (no gloves)
Will     .....                  (no barding)
Stlth    ..........             (no amulet)
HPRegen  0.17/turn              k - ring of protection from fire
MPRegen  0.10/turn              (no ring)

@: no status effects
A: large, rugged brown scales 3, see invisible, deformed body, roll 1, armoured
tail
a: Rolling Charge, Renounce Religion, Heroism


You were on level 3 of the Dungeon.
You worshipped Okawaru.
Okawaru was aware of your devotion.
You visited 1 branch of the dungeon, and saw 4 of its levels.

You collected 109 gold pieces.
You spent 65 gold pieces at shops.

Inventory:

Hand Weapons
 a - a +2 flail (weapon)
Missiles
 j - 14 poisoned darts (quivered)
Armour
 b - a +0 scale mail (worn)
 c - a +0 kite shield (worn)
Jewellery
 k - a ring of protection from fire (left hand)
Wands
 p - a wand of paralysis (6)
Scrolls
 e - 2 scrolls of amnesia
Potions
 f - a potion of magic {unknown}
 g - a potion of lignification {unknown}
 h - 2 potions of attraction
 i - 2 potions of degeneration
 m - a potion of curing
 n - a potion of flight {unknown}
 o - a potion of brilliance {unknown}


   Skills:
 + Level 4.3 Fighting
 + Level 3.5 Maces & Flails
 + Level 3.5 Armour
 + Level 3.5 Shields


You had 5 spell levels left.
You didn't know any spells.
Your spell library was empty.

Dungeon Overview and Level Annotations

Branches:
Dungeon (4/15)
 Temple: D:4-7

Altars:
Okawaru
Uskayaw

Shops:
D:3 !   D:4 [


Innate Abilities, Weirdness & Mutations

You are completely covered in rugged brown scales. (AC +3, +7% HP)
You have supernaturally acute eyesight. (SInv)
Armour fits poorly on your strangely shaped body.
You can roll at nearby foes to attack.
You have a long armoured tail.


Message History

Aim: an ogre, wielding a +0 giant spiked club (73% to hit)
You throw a poisoned dart.
The poisoned dart barely misses the ogre.
Throw: 16 darts (poison)
Press: ? - help, Q - select action, (/) - cycle Shift-Dir - straight line, f/p - ogre
Aim: an ogre, wielding a +0 giant spiked club (73% to hit)
You throw a poisoned dart. The poisoned dart hits the ogre.
The ogre is poisoned.
There is an open door here.
You block the ogre's attack.
There is an open door here.
You close the door.
Something unseen opens the door.
You close the door.
Something unseen opens the door.
You close the door.
Something unseen opens the door.
You close the door.
Something unseen opens the door.
You close the door.
Something unseen opens the door.
You close the door.
Something unseen opens the door.
You close the door.
Something unseen opens the door.
Throw: 15 darts (poison)
Press: ? - help, Q - select action, (/) - cycle Shift-Dir - straight line, f/p - ogre
Aim: an ogre, wielding a +0 giant spiked club (lightly wounded, 73% to hit)
You throw a poisoned dart. The poisoned dart hits the ogre.
The ogre is poisoned.
The ogre is lightly wounded.
You hit the ogre.
The ogre is moderately wounded.
You block the ogre's attack.
You hit the ogre but do no damage.
The ogre is moderately wounded.
The ogre hits you with a +0 giant spiked club!!
Ouch! That really hurt!
The ogre looks more healthy.
A kobold comes into view. It is wielding a +0 whip.
There is a stone staircase leading up here.
The ogre hits you with a +0 giant spiked club!
* * * LOW HITPOINT WARNING * * *
You climb upwards.
There is a stone staircase leading down here.
The ogre hits you with a +0 giant spiked club!!
You die...

###########
#.........#
#.#######.## # #.#
##..###
#####.######......
#.............#.#.
#.###.#######.....
#.# #......(..#.#.
#@#########.......
#>O.......'^..#.#.
###########......)
#....... #......#
#......# #(.....#
#......# #......#


You could see an ogre.

Vanquished Creatures
  A scorpion (D:4)
  A jelly (D:4)
  A hound (D:3)
  An orc priest (D:4)
  A centaur skeleton (D:4)
  A hound skeleton (D:4)
  3 adders
  2 worms
  A dart slug (D:1)
  4 orcs
  9 ball pythons
  5 bats
  3 endoplasms
  6 giant cockroaches
  5 goblins
  5 hobgoblins
  8 jackals
  5 quokkas
  2 frilled lizards
  10 kobolds
  9 rats
83 creatures vanquished.

Vanquished Creatures (others)
  47 plants (D:3)
47 creatures vanquished.

Grand Total: 130 creatures vanquished

Notes
Turn   | Place    | Note
-------+----------+-------------------------------------------
     0 | D:1      | thromnambular the Palentonga Fighter began the quest for
                  | the Orb.
     0 | D:1      | Reached XP level 1. HP: 19/19 MP: 1/1
   166 | D:1      | Reached XP level 2. HP: 21/25 MP: 2/2
   541 | D:1      | Reached XP level 3. HP: 27/31 MP: 3/3
  1483 | D:2      | Found a faded altar of an unknown god.
  1492 | D:2      | Became a worshipper of Warmaster Okawaru
  1492 | D:2      | Reached * piety under Okawaru
  1586 | D:2      | Reached XP level 4. HP: 38/38 MP: 4/4
  1924 | D:3      | You fall into a shaft and drop 1 floor!
  2474 | D:3      | Found Xoryaner's Distillery.
  2486 | D:3      | Bought a potion of heal wounds for 65 gold pieces
  2941 | D:4      | Reached XP level 5. HP: 43/44 MP: 5/5
  3027 | D:4      | Reached skill level 4 in Fighting
  3078 | D:4      | Found Menarur's Antique Armour Boutique.
  3393 | D:4      | Found a hide-covered altar of Uskayaw.
  3866 | D:4      | Reached XP level 6. HP: 18/52 MP: 3/6
  4224 | D:3      | Mangled by an ogre

Illustrated notes

Levels and vault maps discovered:
D:1:      saegor_arrival_miasma, layout_basic, chequers_arboretum,
          minmay_pentomino_s2
D:2:      layout_basic, hellmonk_ecumenical_altar_zigzags
D:3:      layout_basic, serial_glass, glass_columns_b, glass_columns_a,
          serial_shops, shop, st_stairs_9, serial_bayou_lagoon_a
D:4:      layout_gridville, mainiacjoe_overflow_alcove_4, serial_shops, shop,
          minmay_misc_feat_encased, palyth_stone_intersect

Skill      XL: |  1  2  3  4  5 |
---------------+----------------+-----
Armour         | 3 |  3.5
Shields        | 3 |  3.5
Maces & Flails | 3 |  3.5
Fighting       | 4 |  4.3

Action                   |  1- 3 |  4- 6 || total
-------------------------+-------+-------++-------
Melee: Flail             |   119 |   119 ||   238
       Tailslap          |    11 |    19 ||    30
Throw: Dart              |       |    12 ||    12
Invok: Heroism           |       |     2 ||     2
 Abil: Rolling Charge    |     2 |       ||     2
  Use: Scroll            |     4 |     4 ||     8
       Potion            |       |     5 ||     5
Armor: Scale mail        |    71 |    53 ||   124
Dodge: Dodged            |    36 |    32 ||    68
Block: Kite shield       |    65 |    60 ||   125
